 Dungeon Crawl Stone Soup version 0.23.2-40-g277498a001 (webtiles) character file.

Game seed: 11614429160972948718

50 Destapler the Charmwright (level 3, -13/31 HPs)
             Began as a Gnoll Skald on Aug 20, 2019.
             Mangled by Natasha (14 damage)
             ... on level 1 of the Dungeon.
             The game lasted 00:03:41 (1054 turns).

Destapler the Charmwright (Gnoll Skald)             Turns: 1054, Time: 00:03:42

Health: -13/31     AC:  3    Str: 13    XL:     3   Next: 79%
Magic:  9/9        EV: 14    Int: 15    God:
Gold:   64         SH:  0    Dex: 15    Spells: 11/12 levels left

rFire    . . .     SeeInvis .   f - +1 spear (pierce)
rCold    . . .     Gourm    .   (no shield)
rNeg     . . .     Faith    .   b - +0 leather armour
rPois    .         Spirit   .   (no helmet)
rElec    .         Reflect  .   (no cloak)
rCorr    .         Harm     .   (no gloves)
MR       .....                  (no boots)
Stlth    +.........             (no amulet)
HPRegen  0.10/turn              (no ring)
MPRegen  0.11/turn              (no ring)

@: slowed, very slow
A: distributed training, fangs 1, strong nose
a: no special abilities


You were on level 1 of the Dungeon.
You were hungry.

You visited 1 branch of the dungeon, and saw 2 of its levels.

You collected 64 gold pieces.

Inventory:

Hand Weapons
 a - a +0 mace
 f - a +1 spear of piercing (weapon)
Missiles
 g - 71 stones (quivered)
Armour
 b - a +0 leather armour (worn)
Scrolls
 c - a scroll of identify
 h - a scroll of remove curse
Comestibles
 d - 3 rations


   Skills:
 + Level 4.5 Fighting
 + Level 0.9 Short Blades
 + Level 0.9 Long Blades
 + Level 0.9 Axes
 + Level 4.5 Maces & Flails
 + Level 0.9 Polearms
 + Level 0.9 Staves
 + Level 0.9 Slings
 + Level 0.9 Bows
 + Level 0.9 Crossbows
 + Level 0.9 Throwing
 + Level 2.6 Armour
 + Level 4.5 Dodging
 + Level 0.9 Stealth
 + Level 0.9 Shields
 + Level 0.9 Unarmed Combat
 + Level 5.0 Spellcasting
 + Level 0.6 Conjurations
 + Level 0.6 Hexes
 + Level 5.4 Charms
 + Level 0.6 Summonings
 + Level 0.6 Necromancy
 + Level 0.6 Translocations
 + Level 0.6 Transmutations
 + Level 0.6 Fire Magic
 + Level 0.6 Ice Magic
 + Level 0.6 Air Magic
 + Level 0.6 Earth Magic
 + Level 0.6 Poison Magic
 + Level 1.0 Invocations
 + Level 0.9 Evocations


You had 11 spell levels left.
You knew the following spells:

 Your Spells              Type           Power        Failure   Level  Hunger
a - Infusion              Chrm           ###.         2%          1    None

Your spell library contained the following spells:

 Spells                   Type           Power        Failure   Level  Hunger
 Song of Slaying          Chrm           ###.....     3%          2    ##.....
 Shroud of Golubria       Chrm/Tloc      ##........   9%          2    ##.....
 Regeneration             Chrm/Necr      ##........   19%         3    ###....
 Spectral Weapon          Hex/Chrm       ##......     19%         3    ###....


Dungeon Overview and Level Annotations

Branches:
Dungeon (2/15)

Altars:

Annotations:
D:1 Natasha


Innate Abilities, Weirdness & Mutations

Your experience applies equally to all skills.
You have very sharp teeth.
Your uncanny sense of smell can sniff out nearby items.


Message History

You resist with significant effort.
The crimson imp shouts, "Run away, thou craven guts-griping efter!"
The crimson imp blinks!
Natasha misses you.
Natasha mumbles some strange words.
Natasha glows brightly for a moment.
Natasha stares at you and mumbles some strange words.
The magic dart hits you.
* * * LOW HITPOINT WARNING * * *
As you read the scroll labeled JETOOGR ARHER, it crumbles to dust.
It is a scroll of identify.
h - a scroll of remove curse Natasha stares at you and mumbles some strange words.
The magic dart hits you.
* * * LOW HITPOINT WARNING * * *
Natasha claws you.
* * * LOW HITPOINT WARNING * * *
You puncture Natasha! Your bite misses Natasha.
Natasha is heavily wounded.
Natasha claws you!
You die...

...#####.....#[.................#
...# #.....#..#####..##.......#
#### #.....#....###...........#
#.....#....#.............#
#..........##.#....#######
#.............#.##.#
#........#.####>##.#
###.....##.####.##.#
#...[..@......##.#######
#.....##h#######........
#......#55######........
#......##...............
#......##........###....
#................# #....
######.....####...###.# #....
#..........# ##..# #5# #####
#.........## #..# #.####.##


You could see an iron imp, Natasha and a crimson imp.

Vanquished Creatures
  Natasha (D:1)
  3 dart slugs (D:1)
  2 leopard geckos
  A bat (D:1)
  A giant cockroach (D:1)
  3 goblins (D:1)
  2 hobgoblins (D:1)
  A ball python (D:2)
  3 rats (D:1)
17 creatures vanquished.

Notes
Turn   | Place    | Note
-------+----------+-------------------------------------------
     0 | D:1      | Destapler the Gnoll Skald began the quest for the Orb.
     0 | D:1      | Reached XP level 1. HP: 20/20 MP: 6/6
    98 | D:1      | Reached XP level 2. HP: 26/26 MP: 7/7
   571 | D:2      | Noticed Natasha
   589 | D:2      | Noticed a crimson imp
   589 | D:2      | Reached XP level 3. HP: 31/31 MP: 9/9
   628 | D:1      | Killed Natasha
   628 | D:1      | Reached skill level 5 in Spellcasting
   628 | D:1      | Reached skill level 1 in Invocations
  1024 | D:1      | Noticed Natasha
  1053 | D:1      | HP: 1/31 [Natasha (3)]
  1054 | D:1      | Mangled by Natasha

Skill      XL: |  1  2  3 |
---------------+----------+-----
Spellcasting   | 5 |  5.0
Invocations    | 1 |  1.0
Fighting       | |  4.5
Short Blades   | |  0.9
Long Blades    | |  0.9
Axes           | |  0.9
Maces & Flails | |  4.5
Polearms       | |  0.9
Staves         | |  0.9
Slings         | |  0.9
Bows           | |  0.9
Crossbows      | |  0.9
Throwing       | |  0.9
Armour         | |  2.6
Dodging        | |  4.5
Stealth        | |  0.9
Shields        | |  0.9
Unarmed Combat | |  0.9
Conjurations   | |  0.6
Hexes          | |  0.6
Charms         | |  5.4
Summonings     | |  0.6
Necromancy     | |  0.6
Translocations | |  0.6
Transmutations | |  0.6
Fire Magic     | |  0.6
Ice Magic      | |  0.6
Air Magic      | |  0.6
Earth Magic    | |  0.6
Poison Magic   | |  0.6
Evocations     | |  0.9

Action                   || total
-------------------------++-------
Melee: Mace              ||    46
       Bite              ||     7
       Spear             ||    33
  Use: Scroll            ||     1
       Potion            ||     1
Armor: Leather armour    ||    14
Dodge: Dodged            ||    71
